AoeStats
← Robermad

Arabia

510539602Analyzed
1v1 RM · 19h ago on Oct 1, 2026· 39m 1s· 2 players
Game mode
Random Map
Map size
Tiny (2 player)
Population
200
Speed
Normal
Resources
Standard
Victory
Conquest
Starting age
Dark Age
Ending age
Imperial Age
RankedLock teamsTeams togetherTeam positionsShared explorationLock speedFull tech treeHidden civsTurbo modeCheats
Victory
Defeat
🇪🇸 Turks · Spain
1168
+15
🇬🇧 Sicilians · United Kingdom
1144
-15
El Griego T10
3:29 Loom
9:55 Feudal Age
10:41 Double-Bit Axe
17:55 Horse Collar
18:48 Arson
22:17 Scale Mail Armor
23:17 Forging
30:40 Castle Age
31:00 Gold Mining
31:03 Stone Mining
31:34 Bow Saw
31:29 Squires
31:15 Gambesons
33:17 Iron Casting
33:45 Chain Mail Armor
33:39 Scale Barding Armor
35:30 Chain Barding Armor
37:12 Bloodlines
37:03 Husbandry
39:36 Gold Shaft Mining
39:41 Stone Shaft Mining
Robermad
5:09 Loom
10:08 Feudal Age
10:57 Double-Bit Axe
11:12 Horse Collar
24:44 Castle Age
23:38 Bloodlines
37:42 Town Watch
Connection lost

Rejoining the realm…

Still unreachable

The connection could not be restored.

Session expired

The server has moved on; the page needs a fresh start.